AoeStats
← joeharry10

Arabia

507620361Analyzed
1v1 RM · 13d ago on Sep 19, 2026· 19m 56s· 2 players
Game mode
Random Map
Map size
Tiny (2 player)
Population
200
Speed
Normal
Resources
Standard
Victory
Conquest
Starting age
Dark Age
Ending age
Imperial Age
RankedLock teamsTeams togetherTeam positionsShared explorationLock speedFull tech treeHidden civsTurbo modeCheats
Victory
Defeat
🇹🇷 Spanish · Türkiye
1491
+19
🇺🇸 Slavs · United States
1564
-19
joeharry10
7:06 Loom
9:46 Feudal Age
10:22 Double-Bit Axe
14:16 Horse Collar
18:14 Gold Mining
20:58 Castle Age
19:02 Padded Archer Armor
19:21 Fletching
younusphilipz
8:40 Loom
10:52 Feudal Age
16:08 Castle Age
Connection lost

Rejoining the realm…

Still unreachable

The connection could not be restored.

Session expired

The server has moved on; the page needs a fresh start.